[Event "Titled Tuesday Blitz June 27 Early 2023"]
[White "Thecourseoisildur"]
[Black "Glavina, Pablo"]
[BlackFideId "100234"]
[WhiteElo "2534"]
[BlackElo "2349"]
[Result "1/2-1/2"]
[Round "2"]
[TimeControl "180+2"]
[Date "2023.06.27"]
[WhiteClock "0:00:11"]
[BlackClock "0:00:33"]
[Board "167"]

1. e4 e5 2. Nf3 Nc6 3. d4 exd4 4. Nxd4 Bc5 5. Nb3 Bb6 6. Nc3 Nf6 7. Qe2 O-O 8. Bg5 h6 9. Bh4 a5 10. Nd5 g5 11. Nxb6 cxb6 12. Bg3 Nxe4 13. O-O-O d5 14. f3 Nxg3 15. hxg3 Qf6 16. Rxd5 Be6 17. Rb5 Bxb3 18. axb3 Nd4 19. Qe5 Qxe5 20. Rxe5 Rac8 21. Bc4 b5 22. Bd3 Nxb3+ 23. Kd1 Nc5 24. Rxh6 f6 25. Re7 Nxd3 26. Rg6+ Kh8 27. cxd3 Rce8 28. Rxb7 Re5 29. f4 Rd5 30. Ke2 Re8+ 31. Kf2 Rxd3 32. Rxf6 Rd2+ 33. Kf3 gxf4 34. gxf4 Rxb2 35. Rh6+ Kg8 36. Rh5 a4 37. Rhxb5 Rxb5 38. Rxb5 Ra8 39. Rb2 a3 40. Ra2 Kf7 41. g4 Ke6 42. Ke4 Ra4+ 43. Ke3 Kf6 44. Kf3 Kg6 45. Kg3 Kf6 46. Kf3 Kg6 47. Kg3 1/2-1/2


[Site "https://www.chess.com"]

[Event "Titled Tuesday Blitz June 27 Early 2023"]
[White "Ng, Clive"]
[Black "kuanysh1981"]
[WhiteFideId "3214869"]
[WhiteElo "2349"]
[BlackElo "2532"]
[Result "0-1"]
[Round "2"]
[TimeControl "180+2"]
[Date "2023.06.27"]
[WhiteClock "0:00:00"]
[BlackClock "0:00:12"]
[Board "168"]

1. e4 c5 2. Nf3 e6 3. d4 cxd4 4. Nxd4 a6 5. Bd3 Qc7 6. c4 Nf6 7. Nc3 Bc5 8. Nb3 Ba7 9. Qe2 Nc6 10. Be3 Bxe3 11. Qxe3 d6 12. O-O O-O 13. Rad1 Ne5 14. Qe2 Bd7 15. Nd4 Rac8 16. Nc2 Rfd8 17. Ne3 Qb8 18. f4 Ng6 19. Kh1 b5 20. cxb5 axb5 21. f5 Ne5 22. fxe6 fxe6 23. Nb1 Bc6 24. Nd2 Rf8 25. Nc2 b4 26. Nd4 Bd7 27. Nc4 d5 28. exd5 Nxc4 29. Bxc4 exd5 30. Bd3 Ng4 31. g3 Qe5 32. Qxe5 Nxe5 33. Rxf8+ Rxf8 34. Be2 Nc4 35. b3 Ne3 36. Rd2 Rf2 37. Kg1 Rg2+ 38. Kh1 Bh3 39. Nf3 Rf2 40. Kg1 Rg2+ 41. Kh1 Ng4 0-1


[Site "https://www.chess.com"]

[Event "Titled Tuesday Blitz June 27 Early 2023"]
[White "Sovetbekova, Nurai"]
[Black "Novik, Maxim"]
[WhiteFideId "13801910"]
[BlackFideId "4102924"]
[WhiteElo "2346"]
[BlackElo "2530"]
[Result "1-0"]
[Round "2"]
[TimeControl "180+2"]
[Date "2023.06.27"]
[WhiteClock "0:01:28"]
[BlackClock "0:00:13"]
[Board "169"]

1. d4 Nf6 2. c4 g6 3. Nc3 d5 4. cxd5 Nxd5 5. Bd2 Bg7 6. e4 Nxc3 7. Bxc3 c5 8. d5 Bxc3+ 9. bxc3 e6 10. Bc4 Qa5 11. Ne2 b5 12. dxe6 fxe6 13. Bd5 exd5 14. Qxd5 Qb6 15. Qe5+ Kd8 16. Qxh8+ Kc7 17. Qxh7+ Nd7 18. O-O Bb7 19. Rad1 Rd8 20. Nf4 Qf6 21. Nd5+ Bxd5 22. Rxd5 Kc6 23. Rfd1 Nf8 24. Qxa7 Rxd5 25. exd5+ Kd6 26. Qb6+ Ke7 27. Qxc5+ Kf7 28. d6 Nd7 29. Qxb5 Qe6 30. Qd5 1-0


[Site "https://www.chess.com"]

[Event "Titled Tuesday Blitz June 27 Early 2023"]
[White "Tarasova, Viktoriya"]
[Black "Lehtosaari, Mauri"]
[WhiteFideId "4175840"]
[BlackFideId "501999"]
[WhiteElo "2345"]
[BlackElo "2530"]
[Result "1/2-1/2"]
[Round "2"]
[TimeControl "180+2"]
[Date "2023.06.27"]
[WhiteClock "0:00:09"]
[BlackClock "0:00:02"]
[Board "170"]

1. d4 d5 2. c4 c6 3. Nf3 Nf6 4. Nc3 dxc4 5. a4 Bf5 6. Ne5 Nbd7 7. Nxc4 Nb6 8. Ne5 a5 9. g3 Nfd7 10. Nxd7 Qxd7 11. Bg2 Bh3 12. O-O h5 13. e3 h4 14. Qf3 Bg4 15. Qe4 h3 16. Bh1 g6 17. b3 Bf5 18. Qf3 Bg7 19. Bb2 e6 20. e4 Bxd4 21. exf5 gxf5 22. Rad1 e5 23. Ne2 c5 24. Ba3 e4 25. Qf4 Nd5 26. Qc1 Rc8 27. Qc4 O-O 28. Nxd4 cxd4 29. Qxd4 Nc3 30. Rfe1 Qxd4 31. Rxd4 b5 32. Bxf8 Ne2+ 33. Kf1 Nxd4 34. Bd6 Nxb3 35. axb5 Nd2+ 36. Ke2 Nc4 37. Bf4 a4 38. Rc1 a3 39. f3 a2 40. fxe4 fxe4 41. Bxe4 Re8 42. Kf3 Nb6 43. Ra1 Nc4 44. Rxa2 Re7 45. Rc2 Na3 46. Rb2 Kg7 47. b6 Nc4 48. Rb4 Na5 49. b7 Nxb7 50. Rxb7 Re8 51. Bf5 Ra8 52. Kg4 Ra3 53. Be5+ Kh6 54. Bf4+ Kg7 55. Be4 Ra4 56. Kf3 Kf6 57. Be3 Kg7 58. Rb6 f6 59. Bf5 Kf7 60. Bxh3 Kg7 61. Bf5 Ra3 62. h4 Ra4 63. h5 Ra7 64. h6+ Kf8 65. Rxf6+ Kg8 66. Rg6+ Kh8 67. Bd4+ Kh7 68. Rg7+ Kxh6 69. Rxa7 Kg5 70. Be4 Kh5 71. Be3 1/2-1/2


[Site "https://www.chess.com"]

[Event "Titled Tuesday Blitz June 27 Early 2023"]
[White "Deng, Henry"]
[Black "Ankerst, Mihael"]
[WhiteFideId "30965454"]
[BlackFideId "14602369"]
[WhiteElo "2529"]
[BlackElo "2341"]
[Result "0-1"]
[Round "2"]
[TimeControl "180+2"]
[Date "2023.06.27"]
[WhiteClock "0:00:33"]
[BlackClock "0:00:38"]
[Board "172"]

1. e4 c5 2. Nf3 Qb6 3. Nc3 Nc6 4. Bb5 e6 5. O-O Nge7 6. Re1 Nd4 7. Bc4 Nec6 8. d3 Be7 9. a4 a6 10. Nxd4 cxd4 11. Ne2 O-O 12. c3 Rd8 13. cxd4 Nxd4 14. Be3 Nxe2+ 15. Rxe2 Qa5 16. d4 d5 17. exd5 exd5 18. Bd3 Bg4 19. f3 Be6 20. Qb1 h6 21. Rc2 Re8 22. Bf2 Rac8 23. Rxc8 Rxc8 24. Qd1 Qb4 25. Rb1 Bf6 26. Kh1 Bd7 27. Bc2 Qc4 28. Rc1 Kf8 29. Be3 Qb4 30. Rb1 Rc4 31. Bd3 Rc8 32. Bc2 Qc4 33. Bb3 Qc6 34. h3 Qd6 35. Qd2 Bf5 36. Rc1 Re8 37. Bf4 Qb6 38. Bxd5 Bxd4 39. Rc7 Be6 40. Bxe6 Rxe6 41. Rc8+ Ke7 42. Rc4 Bc5 43. b4 Bd6 44. Be3 Qxe3 0-1


[Site "https://www.chess.com"]

[Event "Titled Tuesday Blitz June 27 Early 2023"]
[White "Kazakov, Mikhail"]
[Black "K2JW"]
[WhiteFideId "14102749"]
[WhiteElo "2528"]
[BlackElo "2336"]
[Result "0-1"]
[Round "2"]
[TimeControl "180+2"]
[Date "2023.06.27"]
[WhiteClock "0:01:02"]
[BlackClock "0:00:41"]
[Board "173"]

1. e4 c5 2. Nf3 Nc6 3. c3 d5 4. exd5 Qxd5 5. d4 cxd4 6. cxd4 e6 7. Nc3 Bb4 8. Be2 Nf6 9. O-O Qa5 10. Bd2 O-O 11. a3 Bxc3 12. Bxc3 Qc7 13. Rc1 Nd5 14. Bd2 Qb6 15. Bc3 Nxc3 16. bxc3 Rd8 17. Bd3 g6 18. Qd2 Qc7 19. Qh6 Rd5 20. h4 Rh5 21. Qf4 Qxf4 0-1


[Site "https://www.chess.com"]

[Event "Titled Tuesday Blitz June 27 Early 2023"]
[White "Nithyalakshmi, Sivanesan"]
[Black "Santos Flores, Alberto"]
[WhiteFideId "5706955"]
[BlackFideId "3601234"]
[WhiteElo "2333"]
[BlackElo "2528"]
[Result "1-0"]
[Round "2"]
[TimeControl "180+2"]
[Date "2023.06.27"]
[WhiteClock "0:01:22"]
[BlackClock "0:02:19"]
[Board "174"]

1. e4 c5 2. Nc3 Nc6 3. f4 g6 4. Nf3 Bg7 5. Bc4 e6 6. d3 Nge7 7. O-O O-O 8. Qe1 Nd4 9. Qf2 d6 10. a3 Rb8 11. Ba2 b5 12. Be3 a5 13. Nxd4 cxd4 14. Bxd4 b4 15. axb4 axb4 16. Ne2 Qc7 17. Bb3 Nc6 18. Bxg7 Kxg7 19. Nd4 Bd7 20. f5 Nxd4 21. Qxd4+ e5 22. f6+ Kh8 23. Qe3 Be6 24. Qh6 Rg8 25. Rf3 g5 26. Bxe6 fxe6 27. f7 Rgf8 28. Qf6# 1-0


[Site "https://www.chess.com"]

[Event "Titled Tuesday Blitz June 27 Early 2023"]
[White "slidingknight2775"]
[Black "Adireddy Arjun"]
[BlackFideId "25647709"]
[WhiteElo "2527"]
[BlackElo "2333"]
[Result "1-0"]
[Round "2"]
[TimeControl "180+2"]
[Date "2023.06.27"]
[WhiteClock "0:00:16"]
[BlackClock "0:00:10"]
[Board "175"]

1. d4 d5 2. c4 c6 3. cxd5 cxd5 4. Bf4 Nf6 5. Nc3 Nc6 6. e3 e6 7. Bd3 Bd6 8. Bxd6 Qxd6 9. Nf3 O-O 10. O-O Bd7 11. h3 Ne7 12. Ne5 Bc6 13. Rc1 Rac8 14. a3 a6 15. f4 b5 16. Qf3 Bb7 17. Bb1 b4 18. axb4 Qxb4 19. Rf2 Rc7 20. Kh2 Rfc8 21. Rg1 Nf5 22. g4 Nd6 23. g5 Nfe4 24. Bxe4 dxe4 25. Nxe4 Bxe4 26. Qh5 g6 27. Qd1 Rc2 28. Rf1 Qxb2 29. Ng4 Rxf2+ 30. Rxf2 Qb5 31. Nf6+ Kg7 32. Qa1 Rc4 33. d5 e5 34. Qxe5 Nf5 35. Nxe4+ Kf8 36. Qh8+ Ke7 37. d6+ Nxd6 38. Qf6+ Ke8 39. Nxd6+ Kd7 40. Nxb5 Rc6 41. Qd4+ Kc8 42. Rd2 axb5 43. Qd8+ Kb7 44. Qd7+ Rc7 45. Qxc7+ Kxc7 46. Kg3 Kb6 47. Kf3 Kc5 48. Ke4 b4 49. Ke5 Kc4 50. Kf6 Kc3 51. Rd8 b3 52. Rb8 Kd3 53. Kxf7 Ke4 54. Kg7 Kxe3 55. Kxh7 Kxf4 56. Kxg6 Kg3 57. h4 Kxh4 58. Kh6 1-0


[Site "https://www.chess.com"]

[Event "Titled Tuesday Blitz June 27 Early 2023"]
[White "Davidson, Kevin"]
[Black "Delorme, Axel"]
[WhiteFideId "2056810"]
[BlackFideId "632023"]
[WhiteElo "2328"]
[BlackElo "2526"]
[Result "0-1"]
[Round "2"]
[TimeControl "180+2"]
[Date "2023.06.27"]
[WhiteClock "0:00:00"]
[BlackClock "0:00:36"]
[Board "176"]

1. e4 c5 2. Nf3 d6 3. d4 cxd4 4. Nxd4 Nf6 5. Nc3 a6 6. h3 e5 7. Nde2 h5 8. Bg5 Be6 9. Bxf6 Qxf6 10. Nd5 Qd8 11. Nec3 g6 12. Bc4 Bh6 13. O-O O-O 14. Qd3 Nc6 15. Rad1 b5 16. Bb3 Rc8 17. a4 b4 18. Ne2 a5 19. c3 bxc3 20. bxc3 Rb8 21. Rb1 Kg7 22. Bc4 Qh4 23. Rb5 f5 24. Ne3 Bxc4 25. Nxc4 Qxe4 26. Qxe4 fxe4 27. Nxd6 e3 28. f3 Rfd8 29. Ne4 Na7 30. Rxa5 Nc6 31. Rb5 Ne7 32. Rfb1 Ra8 33. Rb7 Kf8 34. Ra1 Nd5 35. a5 Nf4 36. N2g3 h4 37. Nf1 e2 38. Nh2 Rd1+ 0-1


[Site "https://www.chess.com"]

[Event "Titled Tuesday Blitz June 27 Early 2023"]
[White "Chos, Alexey"]
[Black "Sairam, Pranav"]
[WhiteFideId "14117762"]
[BlackFideId "30951330"]
[WhiteElo "2526"]
[BlackElo "2327"]
[Result "1-0"]
[Round "2"]
[TimeControl "180+2"]
[Date "2023.06.27"]
[WhiteClock "0:01:39"]
[BlackClock "0:00:00"]
[Board "177"]

1. e4 e5 2. Nf3 Nf6 3. Nxe5 d6 4. Nxf7 Kxf7 5. d4 Be7 6. Nc3 Rf8 7. Bc4+ Be6 8. d5 Bg4 9. f3 Bd7 10. e5 dxe5 11. d6+ Be6 12. Bxe6+ Kxe6 13. dxe7 Qxd1+ 14. Kxd1 Kxe7 15. Re1 Nc6 16. Bf4 Rad8+ 17. Kc1 Kd6 18. Bg5 h6 19. Bh4 g5 20. Bg3 Nh5 21. Nb5+ Ke6 22. Nxc7+ Kf5 23. Bf2 Nf4 24. g4+ Kf6 25. Nb5 Nd4 26. Nxd4 exd4 27. Kd2 d3 28. c3 Rfe8 29. Bxa7 Re2+ 30. Rxe2 dxe2+ 31. Ke1 Re8 32. Bd4+ Kg6 33. Kd2 Ng2 34. Bf2 Nf4 35. a4 Rd8+ 36. Bd4 Kf7 37. a5 Re8 38. Re1 Ke6 39. b4 Kd5 40. b5 Kc4 41. a6 Kxb5 42. axb7 Kc6 43. Rb1 Ng2 44. Bf2 Kc7 45. b8=Q+ Rxb8 46. Bg3+ Nf4 47. Bxf4+ gxf4 48. Rxb8 Kxb8 49. Kxe2 1-0


[Site "https://www.chess.com"]

[Event "Titled Tuesday Blitz June 27 Early 2023"]
[White "Freile Martin, Javier"]
[Black "Turzo, Attila"]
[WhiteFideId "3600165"]
[BlackFideId "704954"]
[WhiteElo "2322"]
[BlackElo "2524"]
[Result "0-1"]
[Round "2"]
[TimeControl "180+2"]
[Date "2023.06.27"]
[WhiteClock "0:00:17"]
[BlackClock "0:00:27"]
[Board "178"]

1. c4 Nf6 2. Nc3 g6 3. d4 Bg7 4. e4 d6 5. Be2 O-O 6. Nf3 e5 7. O-O Nc6 8. d5 Ne7 9. h3 c5 10. Nh2 Ne8 11. f3 f5 12. Be3 f4 13. Bd2 g5 14. Qc2 h5 15. Nd1 Rf6 16. Nf2 Rg6 17. a4 a5 18. Ra3 Nf6 19. Rb3 Bf8 20. Ra1 Kh8 21. Raa3 b6 22. Qd1 Neg8 23. Rb5 Nh6 24. Rab3 Ra6 25. Be1 Be7 26. Bd3 Qc7 27. Kf1 Bd8 28. Ke2 Qg7 29. Kd2 g4 30. hxg4 hxg4 31. fxg4 Nhxg4 32. Nhxg4 Nxg4 33. Nxg4 Bxg4 34. Qc2 Bd7 35. Bf1 Bxb5 36. cxb5 Ra7 37. Kc1 Qg8 38. Kb1 Rh7 39. Qf2 Bh4 40. Qe2 Bxe1 41. Qxe1 Rh1 42. Ka2 Rxg2 43. Rf3 Rgg1 44. Qf2 Rxf1 0-1


[Site "https://www.chess.com"]

[Event "Titled Tuesday Blitz June 27 Early 2023"]
[White "Mayaud, Raphael"]
[Black "Golubev, Mikhail"]
[WhiteFideId "627151"]
[BlackFideId "14100983"]
[WhiteElo "2321"]
[BlackElo "2524"]
[Result "1/2-1/2"]
[Round "2"]
[TimeControl "180+2"]
[Date "2023.06.27"]
[WhiteClock "0:00:27"]
[BlackClock "0:00:26"]
[Board "179"]

1. d4 Nf6 2. Bg5 d5 3. Bxf6 gxf6 4. c4 c5 5. dxc5 dxc4 6. Qxd8+ Kxd8 7. e3 e6 8. Bxc4 Bxc5 9. Nc3 Nc6 10. Nge2 Ke7 11. Nf4 a6 12. O-O b5 13. Be2 Ne5 14. Nd3 Nxd3 15. Bxd3 Bd7 16. Be4 Ra7 17. Rfd1 f5 18. Bf3 Rd8 19. Rac1 Bb6 20. Ne2 Rc7 21. Rxc7 Bxc7 22. Nd4 Bb6 23. Nc6+ Bxc6 24. Rxd8 Bxf3 25. Rb8 Bc7 26. Rc8 Kd7 27. Rxc7+ Kxc7 28. gxf3 Kd6 29. Kg2 Ke5 30. Kg3 Kf6 31. f4 Kg6 32. Kh4 Kh6 33. f3 a5 34. Kg3 Kh5 35. h4 f6 36. e4 fxe4 37. fxe4 Kg6 38. Kg4 f5+ 39. exf5+ exf5+ 40. Kg3 Kh5 41. Kh3 Kh6 42. Kg3 Kh5 43. Kh3 Kh6 44. Kg3 Kh5 1/2-1/2


[Site "https://www.chess.com"]

[Event "Titled Tuesday Blitz June 27 Early 2023"]
[White "Ljukin, Sergei"]
[Black "Vifleemskaia, Svetlana"]
[WhiteFideId "14102200"]
[BlackFideId "4129490"]
[WhiteElo "2524"]
[BlackElo "2314"]
[Result "1-0"]
[Round "2"]
[TimeControl "180+2"]
[Date "2023.06.27"]
[WhiteClock "0:00:04"]
[BlackClock "0:00:00"]
[Board "180"]

1. e4 e5 2. Nf3 Nc6 3. Bb5 a6 4. Ba4 Nf6 5. Qe2 b5 6. Bb3 Bc5 7. c3 O-O 8. d3 d5 9. Bg5 d4 10. Bd5 Qd6 11. Bxc6 Qxc6 12. Nxe5 Qe6 13. Nf3 h6 14. Bh4 dxc3 15. bxc3 Bb7 16. d4 Be7 17. Bxf6 Bxf6 18. e5 Rfe8 19. O-O c5 20. Nbd2 Rad8 21. Ne4 Be7 22. Rad1 Bd5 23. Rfe1 Bxa2 24. Qe3 Bb3 25. Ra1 Bd5 26. Nxc5 Bxc5 27. dxc5 Bxf3 28. Qxf3 Qd5 29. Qe3 Re6 30. f4 Rde8 31. Rad1 Qc4 32. Rd6 Rc8 33. f5 Ree8 34. Rxa6 Qxc5 35. e6 Qxe3+ 36. Rxe3 fxe6 37. fxe6 Rc5 38. Rb6 Re7 39. Kf2 Kh7 40. Ke2 Kg6 41. Kd3 Kf6 42. Rf3+ Ke5 43. Rf7 Rxe6 44. Rxe6+ Kxe6 45. Rxg7 Rg5 46. Rxg5 hxg5 47. Ke4 Kd6 48. h3 Kc5 49. Kd3 Kd5 50. g3 1-0


[Site "https://www.chess.com"]

[Event "Titled Tuesday Blitz June 27 Early 2023"]
[White "Bruedigam, Martin"]
[Black "Wang, Alexander J"]
[WhiteFideId "24608033"]
[BlackFideId "30955270"]
[WhiteElo "2520"]
[BlackElo "2310"]
[Result "1-0"]
[Round "2"]
[TimeControl "180+2"]
[Date "2023.06.27"]
[WhiteClock "0:01:10"]
[BlackClock "0:00:27"]
[Board "181"]

1. d4 d5 2. c4 e6 3. Nc3 c5 4. cxd5 exd5 5. Nf3 Nc6 6. dxc5 d4 7. Na4 Bxc5 8. Nxc5 Qa5+ 9. Bd2 Qxc5 10. e3 dxe3 11. Bxe3 Qb4+ 12. Qd2 Qxd2+ 13. Bxd2 Nf6 14. Bc3 O-O 15. Bxf6 gxf6 16. O-O-O Bg4 17. Be2 Rad8 18. a3 Rfe8 19. Rxd8 Rxd8 20. h3 Bf5 21. Rd1 Rxd1+ 22. Kxd1 Be4 23. Kd2 Kf8 24. Ke3 Bg6 25. Nd4 Ke7 26. Nxc6+ bxc6 27. Kd4 Kd6 28. b4 h6 29. Bc4 Bh5 30. h4 Bg6 31. g4 h5 32. gxh5 Bxh5 33. a4 Bg6 34. a5 Bh5 35. f4 f5 36. Ke3 f6 37. Be2 Bxe2 38. Kxe2 Ke6 39. Kd3 Kd5 40. h5 Ke6 41. Kd4 Kf7 42. Kc5 Kg7 43. Kxc6 Kh6 44. b5 Kxh5 45. b6 axb6 46. axb6 Kg4 47. b7 Kxf4 48. b8=Q+ Kg4 49. Kd5 Kg5 50. Kd4 f4 51. Ke4 f5+ 52. Kf3 Kf6 53. Qxf4 Ke6 54. Qd4 Kf7 55. Kf4 Kg6 56. Qe5 Kh6 57. Qxf5 Kg7 58. Qe6 Kh8 59. Qd7 Kg8 60. Kf5 Kf8 61. Kg6 Kg8 62. Qg7# 1-0


[Site "https://www.chess.com"]

[Event "Titled Tuesday Blitz June 27 Early 2023"]
[White "Bueno, Alfeu Junior Varela"]
[Black "Rodriguez, Santiago"]
[WhiteFideId "2108879"]
[BlackFideId "3000591"]
[WhiteElo "2309"]
[BlackElo "2519"]
[Result "0-1"]
[Round "2"]
[TimeControl "180+2"]
[Date "2023.06.27"]
[WhiteClock "0:00:00"]
[BlackClock "0:01:14"]
[Board "182"]

1. e4 c5 2. Nc3 Nc6 3. f4 e6 4. Nf3 a6 5. g3 Nf6 6. Bg2 d5 7. exd5 exd5 8. O-O Be7 9. Ne5 O-O 10. Nxc6 bxc6 11. d3 Rb8 12. Rb1 Bg4 13. Qe1 Re8 14. Qf2 Qa5 15. Bd2 Qb6 16. f5 Bd6 17. h3 Be5 18. hxg4 Bd4 19. Bf3 Bxf2+ 20. Rxf2 c4 21. dxc4 Ne4 22. Bxe4 dxe4 23. Bf4 Rbd8 24. b4 Qd4 25. Rb3 Qxc4 26. Re2 h6 27. Kf2 c5 28. bxc5 Qxc5+ 29. Be3 Qc4 30. Bb6 Rb8 31. a4 Rxb6 0-1


[Site "https://www.chess.com"]

[Event "Titled Tuesday Blitz June 27 Early 2023"]
[White "Jarocka, Liwia"]
[Black "Kuzmin, Roman"]
[WhiteFideId "21807558"]
[BlackFideId "44134932"]
[WhiteElo "2308"]
[BlackElo "2519"]
[Result "0-1"]
[Round "2"]
[TimeControl "180+2"]
[Date "2023.06.27"]
[WhiteClock "0:00:27"]
[BlackClock "0:00:25"]
[Board "183"]

1. e4 c5 2. Bc4 Nc6 3. a4 a6 4. Nf3 d6 5. d3 Bg4 6. h3 Bh5 7. c3 Nf6 8. O-O e6 9. Bg5 Be7 10. Nbd2 O-O 11. Re1 Rb8 12. Ba2 b5 13. axb5 axb5 14. Nf1 b4 15. Ng3 Bg6 16. h4 h6 17. Be3 d5 18. Bf4 Rb7 19. Qa4 Qb6 20. exd5 exd5 21. Bb1 Ra7 22. Qxc6 Qxc6 23. Rxa7 Bd6 24. Ne5 Qb6 25. Ra1 Bxe5 26. Bxe5 Ng4 27. Bf4 bxc3 28. bxc3 Qf6 29. Ne2 Qxh4 30. Bg3 Qf6 31. d4 Bxb1 32. Raxb1 cxd4 33. cxd4 h5 34. Nf4 Qg5 35. Rb5 Nf6 36. Re5 Qg4 37. Nxd5 Qd1+ 38. Kh2 Ng4+ 39. Kh3 Qh1+ 0-1


[Site "https://www.chess.com"]

[Event "Titled Tuesday Blitz June 27 Early 2023"]
[White "Vaglio Munoz, Jaime"]
[Black "Keleberda, Tymur"]
[WhiteFideId "6500145"]
[BlackFideId "14174294"]
[WhiteElo "2305"]
[BlackElo "2518"]
[Result "0-1"]
[Round "2"]
[TimeControl "180+2"]
[Date "2023.06.27"]
[WhiteClock "0:00:10"]
[BlackClock "0:00:51"]
[Board "184"]

1. Nf3 c5 2. c4 Nf6 3. b3 b6 4. Bb2 e6 5. g3 Bb7 6. Bg2 Be7 7. O-O d5 8. cxd5 Nxd5 9. d4 cxd4 10. Nxd4 O-O 11. Nd2 Nd7 12. a3 Rc8 13. Re1 Qc7 14. e4 N5f6 15. Rc1 Qb8 16. Nc4 Rfd8 17. e5 Nd5 18. f4 a6 19. b4 Qa7 20. b5 axb5 21. Nxb5 Qa6 22. Ncd6 Rxc1 23. Qxc1 Nc5 24. Nxb7 Qxb7 25. Qc4 Qa6 26. Bf1 Qa5 27. Rd1 Rc8 28. Qe2 Qa4 29. Nd6 Rd8 30. Nc4 Qb3 31. Nd6 Na4 32. Ba1 Nac3 33. Bxc3 Nxc3 34. Rd3 Nxe2+ 35. Bxe2 Qb1+ 36. Kf2 Qc1 37. Kf3 Bxd6 38. exd6 Qc6+ 39. Ke3 Rxd6 40. Rb3 Qc5+ 41. Kf3 Rd7 42. Re3 Rd2 43. Bd3 Qh5+ 44. g4 Qh3+ 45. Ke4 Qg2+ 46. Kd4 Qd5+ 47. Kc3 Qa5+ 48. Kd4 Qc5+ 49. Ke4 Qd5# 0-1


[Site "https://www.chess.com"]

[Event "Titled Tuesday Blitz June 27 Early 2023"]
[White "Gamayev, Oleg"]
[Black "Blokhin, Sofia"]
[WhiteFideId "2802813"]
[BlackFideId "4508190"]
[WhiteElo "2518"]
[BlackElo "2303"]
[Result "1-0"]
[Round "2"]
[TimeControl "180+2"]
[Date "2023.06.27"]
[WhiteClock "0:01:34"]
[BlackClock "0:00:08"]
[Board "185"]

1. d3 g6 2. e4 Bg7 3. Nf3 c5 4. c3 Nc6 5. a4 e6 6. Be2 Nge7 7. Be3 b6 8. Qc1 O-O 9. Bh6 Na5 10. Bxg7 Kxg7 11. Qc2 Ba6 12. Nbd2 d5 13. O-O dxe4 14. Nxe4 Nac6 15. Rad1 e5 16. Rfe1 h6 17. Bf1 Qc7 18. Ned2 Rad8 19. Nb3 f5 20. a5 g5 21. axb6 axb6 22. h3 Ng6 23. Nbd2 Nf4 24. Nc4 Bxc4 25. dxc4 e4 26. Nd2 Ne5 27. Ra1 Nxh3+ 28. Kh1 Ng4 29. g3 Nhxf2+ 30. Kg2 e3 31. Nf3 Qc6 32. Ra7+ Kg8 33. Be2 Rd2 34. Qa4 Qe4 35. Qa6 Ne5 36. Qxb6 Nxf3 37. Qg6+ Kh8 38. Qg7# 1-0


[Site "https://www.chess.com"]

[Event "Titled Tuesday Blitz June 27 Early 2023"]
[White "Navalgund, Niranjan"]
[Black "Biriukov, Ilja"]
[WhiteFideId "5030854"]
[BlackFideId "4113373"]
[WhiteElo "2517"]
[BlackElo "2301"]
[Result "0-1"]
[Round "2"]
[TimeControl "180+2"]
[Date "2023.06.27"]
[WhiteClock "0:00:58"]
[BlackClock "0:00:05"]
[Board "186"]

1. e4 c5 2. d4 cxd4 3. c3 d3 4. f4 Nc6 5. Nf3 d6 6. Na3 g6 7. Nc4 Bg7 8. Bxd3 Nf6 9. a4 O-O 10. O-O Be6 11. Ne3 Ng4 12. f5 Nxe3 13. Bxe3 Bd7 14. Qe1 Ne5 15. Be2 Bc6 16. Qh4 Qc7 17. Bh6 Bxe4 18. Ng5 Qb6+ 19. Kh1 Bxf5 20. Bxg7 Kxg7 21. Qxh7+ Kf6 22. Qh4 Kg7 23. Qh7+ Kf6 24. Rxf5+ gxf5 25. Qh6+ Ng6 26. Rf1 Rh8 27. Nh7+ Rxh7 28. Qxh7 Rh8 29. Rxf5+ Kxf5 30. Qxf7+ Kg5 31. Qe6 Qc5 32. g3 Qe5 33. Qc4 d5 34. h4+ Kf6 35. Qg4 Qe4+ 36. Kh2 Qxg4 37. Bxg4 Ne5 38. Be2 Nc4 39. b3 Nd2 40. b4 Ne4 41. c4 Nd2 42. cxd5 Ke5 43. Kh3 Kxd5 44. g4 Ke5 45. g5 Kf4 46. Bd3 Ne4 47. g6 Ng5+ 48. Kg2 Ne6 49. Bc4 Ng7 50. Kh3 Nf5 51. Bf7 Rxh4+ 52. Kg2 Ng7 53. Kf2 Ke5 54. Ke3 Rxb4 55. a5 Ra4 56. a6 Rxa6 57. Kd3 Rf6 58. Kc4 Ke4 59. Kc5 b6+ 60. Kb5 a5 61. Kc4 Ke5 62. Bd5 Kd6 63. Bf7 Rf4+ 64. Kb5 Rb4+ 65. Ka6 Kc5 66. Kb7 a4 67. Kc7 a3 68. Kd7 Rc4 69. Kxe7 a2 70. Kf6 a1=Q+ 71. Ke7 Qe5+ 72. Kf8 Rd4 73. Kg8 Rd8+ 74. Kh7 Qf6 75. Bg8 Nf5 76. Bf7 Qg7# 0-1


[Site "https://www.chess.com"]

[Event "Titled Tuesday Blitz June 27 Early 2023"]
[White "rikchessmx"]
[Black "Estrada Nieto, Julian"]
[BlackFideId "5101018"]
[WhiteElo "2294"]
[BlackElo "2516"]
[Result "1-0"]
[Round "2"]
[TimeControl "180+2"]
[Date "2023.06.27"]
[WhiteClock "0:00:47"]
[BlackClock "0:00:05"]
[Board "187"]

1. e4 e5 2. Nf3 Nc6 3. Bb5 a6 4. Ba4 Nf6 5. O-O Be7 6. Re1 b5 7. Bb3 d6 8. d3 Na5 9. Nc3 O-O 10. h3 Bb7 11. Bg5 Nxb3 12. axb3 Nd7 13. Bxe7 Qxe7 14. Ne2 Rfe8 15. Ng3 g6 16. Qd2 Qf6 17. Qa5 Rac8 18. Rf1 Nc5 19. Qd2 Ne6 20. Nh2 h5 21. Ne2 Qg5 22. f4 exf4 23. Nxf4 Nxf4 24. Rxf4 Re7 25. Qf2 Rf8 26. Rf1 Bc8 27. Rf3 b4 28. Kh1 Qe5 29. Qh4 Rfe8 30. Rg3 Qxb2 31. Qxh5 Qe5 32. Qh4 Kg7 33. Rg5 Qc3 34. Qf4 Be6 35. Ng4 Bxg4 36. Rxg4 Qe5 37. Qf2 c5 38. Rf4 a5 39. Qh4 g5 40. Qg4 f6 41. Rf5 Qc3 42. h4 Rh8 43. Rxg5+ fxg5 44. Qxg5+ Kh7 45. Qxe7+ Kh6 46. Qg5+ Kh7 47. Rf7+ 1-0


[Site "https://www.chess.com"]

[Event "Titled Tuesday Blitz June 27 Early 2023"]
[White "Berezin, Viktor"]
[Black "Zaksaite, Salomeja"]
[WhiteFideId "14107872"]
[BlackFideId "12801496"]
[WhiteElo "2515"]
[BlackElo "2292"]
[Result "1-0"]
[Round "2"]
[TimeControl "180+2"]
[Date "2023.06.27"]
[WhiteClock "0:01:32"]
[BlackClock "0:00:00"]
[Board "188"]

1. d4 Nf6 2. Nf3 g6 3. g3 Bg7 4. Bg2 d6 5. O-O O-O 6. a4 Nc6 7. a5 e5 8. a6 e4 9. Ng5 d5 10. c4 Re8 11. Nc3 dxc4 12. e3 Nb4 13. Ngxe4 Nxe4 14. Bxe4 Rb8 15. axb7 Bxb7 16. Bxb7 Rxb7 17. Qf3 c6 18. Ra4 Nd3 19. Rxc4 Nxc1 20. Rxc1 Rxb2 21. Qxc6 Rf8 22. Na4 Ra2 23. R4c2 Rxc2 24. Rxc2 Qa5 25. Kg2 h5 26. Nc3 h4 27. gxh4 Qh5 28. Qe4 Rd8 29. Ne2 Bf6 30. Ng3 Qxh4 31. Qb7 Kg7 32. Rc7 1-0


[Site "https://www.chess.com"]

[Event "Titled Tuesday Blitz June 27 Early 2023"]
[White "Liu, Casper"]
[Black "Mikhaylova, Irina"]
[WhiteFideId "1454153"]
[BlackFideId "4109040"]
[WhiteElo "2513"]
[BlackElo "2289"]
[Result "1-0"]
[Round "2"]
[TimeControl "180+2"]
[Date "2023.06.27"]
[WhiteClock "0:01:09"]
[BlackClock "0:00:09"]
[Board "189"]

1. g3 g6 2. Bg2 Bg7 3. Nf3 Nf6 4. O-O O-O 5. Na3 d5 6. c4 d4 7. b4 a5 8. b5 c5 9. Nc2 Nbd7 10. Bb2 e5 11. d3 Rb8 12. e3 b6 13. exd4 exd4 14. Bc1 Bb7 15. Bf4 Rc8 16. Re1 Re8 17. Qd2 Nh5 18. Bg5 Bf6 19. Bh6 Bg7 20. Bg5 Bf6 21. Bh6 Bg7 22. h4 Ndf6 23. Bg5 Rxe1+ 24. Rxe1 Qf8 25. Ne5 Bxg2 26. Kxg2 h6 27. g4 hxg5 28. hxg5 Re8 29. gxf6 Nxf6 30. g5 Qd6 31. gxf6 Bxf6 32. Ng4 Rxe1 33. Nxf6+ Qxf6 34. Nxe1 Kg7 35. Nf3 Qf5 36. Qe2 f6 37. Qe7+ Kh6 38. Qe4 Qd7 39. Nh4 Qf7 40. Qc6 Kg5 41. Nf3+ Kf4 42. Qxb6 Qe7 43. Qb8+ Kf5 44. Nh4+ Kg5 45. Qg3+ Kh6 46. Qxg6# 1-0


[Site "https://www.chess.com"]